3AAA
AUGUSTA TIMBER HAWKS @ FLORIDA MEN
07/17/2032
 
TOP OF THE 1ST
Augusta Timber Hawks batting - Pitching for Florida Men : RHP Arturo Guerrero
Pitching: RHP Arturo Guerrero
Batting: LHB José Pérez 0-0: Ball
1-0: Ball
2-0: Ball
3-0: Called Strike
3-1: Ground out 6-3 (Groundball, 6)
Batting: RHB Uchino Akahito 0-0: Called Strike
0-1: Swinging Strike
0-2: Foul Ball, location: 2F
0-2: Strikes out swinging
Batting: RHB Xavier Pérez 0-0: Foul Ball, location: 2F
0-1: Swinging Strike
0-2: Ball
1-2: Ground out 5-3 (Groundball, 56S)
Top of the 1st over - 0 runs, 0 hits, 0 errors, 0 left on base; Augusta 0 - Florida 0
BOTTOM OF THE 1ST
Florida Men batting - Pitching for Augusta Timber Hawks : RHP Bob Shepard
Pitching: RHP Bob Shepard
Batting: RHB Todd Sentell 0-0: Ground out 3-1 (Groundball, 34)
Batting: RHB Kyle Vandenbrink 0-0: Ball
1-0: Foul Ball, location: 2F
1-1: Fly out, F3 (Popup, 3SF)
Batting: LHB Alfred Miles 0-0: Fly out, F8 (Flyball, 8LXD)
Bottom of the 1st over - 0 runs, 0 hits, 0 errors, 0 left on base; Augusta 0 - Florida 0
TOP OF THE 2ND
Augusta Timber Hawks batting - Pitching for Florida Men : RHP Arturo Guerrero
Batting: LHB Mike Houston 0-0: Ball
1-0: Foul Ball, location: 2F
1-1: Ball
2-1: Ground out 3-1 (Groundball, 34)
Batting: RHB David Martínez 0-0: Ground out 6-3 (Groundball, 6)
Batting: RHB Jesús Recesvinto 0-0: Ball
1-0: Ball
2-0: Ball
3-0: Called Strike
3-1: Foul Ball, location: 2F
3-2: Foul Ball, location: 2F
3-2: Fly out, F4 (Line Drive, 4M)
Top of the 2nd over - 0 runs, 0 hits, 0 errors, 0 left on base; Augusta 0 - Florida 0
BOTTOM OF THE 2ND
Florida Men batting - Pitching for Augusta Timber Hawks : RHP Bob Shepard
Batting: RHB Jorge Díaz 0-0: Ball
1-0: Ball
2-0: Called Strike
2-1: Fly out, F2 (Popup, 13S)
Batting: RHB Vojtech Farkas 0-0: Called Strike
0-1: Ball
1-1: Ball
2-1: Fly out, F6 (Popup, P)
Batting: RHB Manny Maltby 0-0: Ball
1-0: Called Strike
1-1: Ball
2-1: SINGLE (Groundball, 4D)
Batting: RHB Ricardo Cardenas 0-0: Fly out, F8 (Flyball, 8RS)
Bottom of the 2nd over - 0 runs, 1 hit, 0 errors, 1 left on base; Augusta 0 - Florida 0
TOP OF THE 3RD
Augusta Timber Hawks batting - Pitching for Florida Men : RHP Arturo Guerrero
Batting: LHB Carlos Medellín 0-0: Called Strike
0-1: Ball
1-1: Ball
2-1: Ball
3-1: Called Strike
3-2: Base on Balls
Batting: RHB Hang-ki Chung 0-0: Called Strike
0-1: Ball
1-1: Ball
2-1: Called Strike
2-2: Fielders Choice at 2nd, 4-6 (Groundball, 34)
Batting: RHB Jaime Cruz 0-0: Called Strike
0-1: Foul Ball, location: 2F
0-2: Foul Ball, location: 2F
0-2: Ball
1-2: Foul Ball, location: 2F
1-2: Fly out, F7 (Flyball, 7LSF)
Batting: LHB José Pérez 0-0: Ball
1-0: Foul Ball, location: 2F
1-1: Foul Ball, location: 2F
1-2: Foul Ball, location: 2F
1-2: Ball
2-2: Foul Ball, location: 2F
2-2: Foul Ball, location: 2F
2-2: Ball
3-2: Fly out, F5 (Popup, 5SF)
Top of the 3rd over - 0 runs, 0 hits, 0 errors, 1 left on base; Augusta 0 - Florida 0
BOTTOM OF THE 3RD
Florida Men batting - Pitching for Augusta Timber Hawks : RHP Bob Shepard
Batting: RHB Juan Tapia 0-0: Called Strike
0-1: Foul Ball, location: 2F
0-2: Foul Ball, location: 2F
0-2: DOUBLE (Line Drive, 7LD)
Batting: RHB Júlio Vargas 0-0: Ball
1-0: Called Strike
1-1: Foul Ball, location: 2F
1-2: Strikes out swinging
Batting: RHB Todd Sentell 0-0: Called Strike
0-1: Fly out, F8 (Flyball, 8RXD)
Runner from 2nd tags up, SAFE at 3rd, no throw
Batting: RHB Kyle Vandenbrink 0-0: Called Strike
0-1: Foul Ball, location: 2F
0-2: Fly out, F7 (Flyball, 7LSF)
Bottom of the 3rd over - 0 runs, 1 hit, 0 errors, 1 left on base; Augusta 0 - Florida 0
TOP OF THE 4TH
Augusta Timber Hawks batting - Pitching for Florida Men : RHP Arturo Guerrero
Batting: RHB Uchino Akahito 0-0: Ball
1-0: SINGLE (Line Drive, 6MD)
Batting: RHB Xavier Pérez 0-0: SINGLE (Groundball, 25) (infield hit)
Uchino Akahito to second
Batting: LHB Mike Houston 0-0: Ball
1-0: Foul Ball, location: 2F
1-1: Grounds into double play, 6-4-3 (Groundball, 6)
Uchino Akahito to third
Batting: RHB David Martínez 0-0: Ball
1-0: Ground out 5-3 (Groundball, 56)
Top of the 4th over - 0 runs, 2 hits, 0 errors, 1 left on base; Augusta 0 - Florida 0
BOTTOM OF THE 4TH
Florida Men batting - Pitching for Augusta Timber Hawks : RHP Bob Shepard
Batting: LHB Alfred Miles 0-0: Ball
1-0: Foul Ball, location: 2F
1-1: Ball
2-1: Called Strike
2-2: Strikes out swinging
Batting: RHB Jorge Díaz 0-0: Ball
1-0: Foul Ball, location: 2F
1-1: Fly out, F8 (Flyball, 8RS)
Batting: RHB Vojtech Farkas 0-0: Called Strike
0-1: SINGLE (Flyball, 89S)
Batting: RHB Manny Maltby 0-0: Called Strike
0-1: Called Strike
0-2: Ball
Vojtech Farkas steals 2nd base
1-2: Foul Ball, location: 2F
1-2: Foul Ball, location: 2F
1-2: Ball
2-2: Ball
3-2: Ground out 4-3 (Groundball, 4)
Bottom of the 4th over - 0 runs, 1 hit, 0 errors, 1 left on base; Augusta 0 - Florida 0
TOP OF THE 5TH
Augusta Timber Hawks batting - Pitching for Florida Men : RHP Arturo Guerrero
Batting: RHB Jesús Recesvinto 0-0: Fly out, F9 (Flyball, 9LS)
Batting: LHB Carlos Medellín 0-0: Fly out, F8 (Line Drive, 8RD)
Batting: RHB Hang-ki Chung 0-0: Swinging Strike
0-1: Swinging Strike
0-2: Foul Ball, location: 2F
0-2: Strikes out swinging
Top of the 5th over - 0 runs, 0 hits, 0 errors, 0 left on base; Augusta 0 - Florida 0
BOTTOM OF THE 5TH
Florida Men batting - Pitching for Augusta Timber Hawks : RHP Bob Shepard
Batting: RHB Ricardo Cardenas 0-0: Called Strike
0-1: SINGLE (Line Drive, 6D)
Batting: RHB Juan Tapia 0-0: Ball
1-0: Swinging Strike
1-1: SINGLE (Line Drive, 89S)
Ricardo Cardenas to second
Batting: RHB Júlio Vargas 0-0: Sac Bunt - play at first, batter OUT! 1-4
Ricardo Cardenas to third
Juan Tapia to second
Batting: RHB Todd Sentell 0-0: Ball
1-0: SINGLE (Flyball, 9LS)
Ricardo Cardenas scores
Juan Tapia to third
Batting: RHB Kyle Vandenbrink 0-0: Foul Ball, location: 2F
0-1: Swinging Strike
0-2: Ball
1-2: DOUBLE (Groundball, 5L)
Juan Tapia scores
Todd Sentell to third
Runner from 3rd tries for Home, SAFE, no throw
Batting: LHB Alfred Miles 0-0: Ball
1-0: Called Strike
1-1: Foul Ball, location: 2F
1-2: DOUBLE (Line Drive, 78D)
Kyle Vandenbrink scores
Batting: RHB Jorge Díaz 0-0: Ball
1-0: Ball
Alfred Miles steals 3rd base
2-0: Ground out 1-3 (Groundball, P)
Batting: RHB Vojtech Farkas 0-0: Intentional Walk
Batting: RHB Manny Maltby 0-0: Foul Ball, location: 2F
0-1: Swinging Strike
0-2: Ball
1-2: Strikes out swinging
Bottom of the 5th over - 4 runs, 5 hits, 0 errors, 2 left on base; Augusta 0 - Florida 4
TOP OF THE 6TH
Augusta Timber Hawks batting - Pitching for Florida Men : RHP Arturo Guerrero
Batting: RHB Jaime Cruz 0-0: Ball
1-0: Called Strike
1-1: Fly out, F4 (Popup, 4S)
Batting: LHB José Pérez 0-0: Called Strike
0-1: Called Strike
0-2: Ball
1-2: Ball
2-2: Foul Ball, location: 2F
2-2: Strikes out swinging
Batting: RHB Uchino Akahito 0-0: Ball
1-0: Ball
2-0: Ball
3-0: Base on Balls
Batting: RHB Xavier Pérez 0-0: Ball
1-0: Foul Ball, location: 2F
1-1: Ball
2-1: SINGLE (Groundball, 56D)
Uchino Akahito to second
Batting: LHB Mike Houston 0-0: Ball
1-0: Called Strike
1-1: Ball
2-1: Called Strike
2-2: Ball
3-2: Base on Balls
Uchino Akahito to third
Xavier Pérez to second
Batting: RHB David Martínez 0-0: Swinging Strike
0-1: Ball
1-1: Swinging Strike
1-2: Ball
2-2: Ball
3-2: Base on Balls
Uchino Akahito scores
Xavier Pérez to third
Mike Houston to second
Batting: RHB Jesús Recesvinto 0-0: Called Strike
0-1: Ball
1-1: Foul Ball, location: 2F
1-2: Ball
2-2: Strikes out looking
Top of the 6th over - 1 run, 1 hit, 0 errors, 3 left on base; Augusta 1 - Florida 4
BOTTOM OF THE 6TH
Florida Men batting - Pitching for Augusta Timber Hawks : RHP Bob Shepard
Batting: RHB Ricardo Cardenas 0-0: Ball
1-0: Called Strike
1-1: Called Strike
1-2: Ball
2-2: Ball
3-2: Ground out 6-3 (Groundball, 6M)
Batting: RHB Juan Tapia 0-0: Ball
1-0: SINGLE (Groundball, 56S) (infield hit)
Batting: RHB Júlio Vargas 0-0: Fly out, F7 (Flyball, 7)
Batting: RHB Todd Sentell 0-0: Foul Ball, location: 2F
0-1: Called Strike
0-2: Ball
1-2: DOUBLE (Line Drive, 9LM)
Juan Tapia to third
Runner from 3rd tries for Home, SAFE, no throw
Batting: RHB Kyle Vandenbrink 0-0: Intentional Walk
Pitching: RHP Sixto Soto
Batting: LHB Alfred Miles 0-0: Ball
1-0: Ball
2-0: Foul Ball, location: 2F
2-1: Ball
Wild Pitch!
Todd Sentell to third
Kyle Vandenbrink to second
3-1: Base on Balls
Batting: RHB Jorge Díaz 0-0: Ball
1-0: Called Strike
1-1: Foul Ball, location: 2F
1-2: Ball
2-2: Ball
3-2: Reached on error, E1 (Groundball, P)
Todd Sentell scores
Kyle Vandenbrink to third
Alfred Miles to second
Batting: RHB Vojtech Farkas 0-0: Called Strike
0-1: Called Strike
0-2: Ball
1-2: Ball
2-2: Strikes out swinging
Bottom of the 6th over - 2 runs, 2 hits, 1 error, 3 left on base; Augusta 1 - Florida 6
TOP OF THE 7TH
Augusta Timber Hawks batting - Pitching for Florida Men : RHP Arturo Guerrero
Batting: LHB Carlos Medellín 0-0: Called Strike
0-1: Swinging Strike
0-2: Strikes out looking
Batting: RHB Hang-ki Chung 0-0: Reached on error, E6 (Groundball, 56)
Batting: RHB Jaime Cruz 0-0: Ball
1-0: Ball
2-0: Ground out 3-1 (Groundball, 34S)
Hang-ki Chung to second
Batting: LHB José Pérez 0-0: Ball
1-0: Ball
2-0: Ball
3-0: Base on Balls
Batting: RHB Uchino Akahito 0-0: Called Strike
0-1: Ball
1-1: Ball
2-1: Swinging Strike
2-2: Ball
3-2: Base on Balls
Hang-ki Chung to third
José Pérez to second
Batting: RHB Xavier Pérez 0-0: Fly out, F8 (Flyball, 8LXD)
Top of the 7th over - 0 runs, 0 hits, 1 error, 3 left on base; Augusta 1 - Florida 6
BOTTOM OF THE 7TH
Florida Men batting - Pitching for Augusta Timber Hawks : RHP Sixto Soto
Batting: RHB Manny Maltby 0-0: Ball
1-0: Ball
2-0: Called Strike
2-1: Fly out, F8 (Flyball, 89D)
Batting: RHB Ricardo Cardenas 0-0: Called Strike
0-1: Ball
1-1: Ball
2-1: Ball
3-1: Swinging Strike
3-2: Fly out, F7 (Flyball, 7S)
Batting: RHB Juan Tapia 0-0: Foul Ball, location: 2F
0-1: Foul Ball, location: 2F
0-2: Ball
1-2: Foul Ball, location: 2F
1-2: Foul Ball, location: 2F
1-2: Ball
2-2: Ball
3-2: Foul Ball, location: 2F
3-2: Foul Ball, location: 2F
3-2: Base on Balls
Batting: RHB Júlio Vargas 0-0: SINGLE (Line Drive, 7LS)
Juan Tapia to second
Batting: RHB Todd Sentell 0-0: Ground out 1-3 (Groundball, 13)
Bottom of the 7th over - 0 runs, 1 hit, 0 errors, 2 left on base; Augusta 1 - Florida 6
TOP OF THE 8TH
Augusta Timber Hawks batting - Pitching for Florida Men : RHP Arturo Guerrero
Batting: LHB Mike Houston 0-0: Ball
1-0: Swinging Strike
1-1: Called Strike
1-2: Strikes out looking
Batting: RHB David Martínez 0-0: Ball
1-0: Ball
2-0: Ball
3-0: Base on Balls
Batting: RHB Jesús Recesvinto 0-0: Swinging Strike
0-1: Ball
1-1: Ball
2-1: Fly out, F7 (Flyball, 7D)
Pitching: RHP Drake Riley
Batting: LHB Carlos Medellín 0-0: Foul Ball, location: 2F
0-1: Ball
1-1: SINGLE (Line Drive, 4MD)
David Martínez to second
Runner from 2nd tries for 3rd, SAFE, no throw
Batting: RHB Hang-ki Chung 0-0: Foul Ball, location: 2F
0-1: Called Strike
0-2: Ball
1-2: Foul Ball, location: 2F
1-2: Fly out, F7 (Flyball, 7LSF)
Top of the 8th over - 0 runs, 1 hit, 0 errors, 2 left on base; Augusta 1 - Florida 6
BOTTOM OF THE 8TH
Florida Men batting - Pitching for Augusta Timber Hawks : RHP Sixto Soto
Batting: RHB Kyle Vandenbrink 0-0: Called Strike
0-1: Foul Ball, location: 2F
0-2: Foul Ball, location: 2F
0-2: Ball
1-2: Foul Ball, location: 2F
1-2: Foul Ball, location: 2F
1-2: Strikes out swinging
Batting: LHB Alfred Miles 0-0: Called Strike
0-1: Called Strike
0-2: SINGLE (Line Drive, 4)
Batting: RHB Jorge Díaz 0-0: Called Strike
0-1: Called Strike
0-2: Ball
1-2: Ball
2-2: Strikes out swinging
Batting: RHB Vojtech Farkas 0-0: Foul Ball, location: 2F
0-1: Ball
1-1: Fly out, F7 (Flyball, 7S)
Bottom of the 8th over - 0 runs, 1 hit, 0 errors, 1 left on base; Augusta 1 - Florida 6
TOP OF THE 9TH
Augusta Timber Hawks batting - Pitching for Florida Men : RHP Drake Riley
Batting: RHB Jaime Cruz 0-0: Fly out, F9 (Flyball, 9)
Batting: LHB José Pérez 0-0: Ball
1-0: Called Strike
1-1: Ball
2-1: Ball
3-1: Called Strike
3-2: Base on Balls
Batting: RHB Uchino Akahito 0-0: Ball
1-0: Swinging Strike
1-1: Ball
2-1: Swinging Strike
2-2: Ball
3-2: Ground out 6-3 (Groundball, 6)
José Pérez to second
Batting: RHB Xavier Pérez 0-0: Ball
1-0: Fly out, F8 (Flyball, 78D)
Top of the 9th over - 0 runs, 0 hits, 0 errors, 1 left on base; Augusta 1 - Florida 6
Wednesday, September 19th, 2018 - OOTP Baseball 18.8 Build 76